 Dungeon Crawl Stone Soup version 0.31-a0-523-g071a6c1ffa (webtiles) character file.

Game seed: 2546491816868806686

431 Shayle the Trooper (level 6, -2/66 HPs)
             Began as an Ogre Shapeshifter on Aug 11, 2023.
             Splashed by a jelly's acid (5 damage)
             ... on level 4 of the Dungeon.
             The game lasted 00:06:31 (3455 turns).

Shayle the Trooper (Ogre Shapeshifter)              Turns: 3455, Time: 00:06:32

Health: -2/66      AC: -12   Str: 20    XL:     6   Next: 99%
Magic:  11/11      EV: 10    Int: 20    God:
Gold:   111        SH:  0    Dex:  9    Spells: 12/12 levels left

rFire   . . .        s - +3 hand axe "Iskajiost" {heavy, Fragile rN+ Int+3}
rCold   . . .        (no shield)
rNeg    + . .        a - +1 animal skin
rPois   +            (helmet currently unavailable)
rElec   .            (cloak currently unavailable)
rCorr   .            (gloves unavailable)
SInv    .            (boots unavailable)
Will    .....        m - amulet of the acrobat
Stlth   +            e - +6 ring of intelligence
HPRegen 0.31/turn    w - ring of poison resistance
MPRegen 0.12/turn

%: acrobat
@: mighty, beast-form, corroded, studying Throwing
A: beast (slay +2), large, unfitting armour, tough skin 1
a: Begin Untransformation


You were on level 4 of the Dungeon.
You were a hulking beast.
You visited 1 branch of the dungeon, and saw 4 of its levels.

You collected 204 gold pieces.
You spent 93 gold pieces at shops.

Inventory:

Hand Weapons
 s - the +3 hand axe "Iskajiost" (weapon) {heavy, Fragile rN+ Int+3}
   (You found it on level 4 of the Dungeon)

   Int+3:     It affects your intelligence (+3).
   rN+:       It protects you from negative energy.
   Fragile:   It will be destroyed if unequipped.
Armour
 a - a +1 animal skin (worn)
Jewellery
 e - a +6 ring of intelligence (left hand)
 l - an amulet of regeneration
 m - an amulet of the acrobat (around neck)
 w - a ring of poison resistance (right hand)
Talismans
 c - a beast talisman (active)
 d - a flux talisman
Scrolls
 b - a scroll of enchant weapon
 j - a scroll of teleportation
 k - a scroll of torment
 o - a scroll of enchant armour
 p - a scroll of revelation
 t - a scroll of immolation
Potions
 f - a potion of curing {unknown}
 g - a potion of magic
 h - a potion of attraction {unknown}
 i - a potion of enlightenment {unknown}
 q - a potion of haste {unknown}
 u - a potion of resistance {unknown}
 v - a potion of might


   Skills:
 + Level 5.2 Fighting
 - Level 2.2 Dodging
 + Level 4.4 Unarmed Combat
 + Level 3.6 Spellcasting
 - Level 3.2 Shapeshifting


You had 12 spell levels left.
You didn't know any spells.
Your spell library was empty.

Dungeon Overview and Level Annotations

Branches:
Dungeon (4/15)
 Temple: D:4-7

Altars:

Shops:
D:3 *

Annotations:
D:2 1 runed translucent door, Crazy Yiuf


Innate Abilities, Weirdness & Mutations

You are a hulking beast.
Your limbs bulge with bestial killing power. (Slay +2)
You are too large for most types of armour.
You have tough skin. (AC +1)


Message History

As you read the scroll labelled JOOWKA EXKEPNI, it crumbles to dust.
It was a scroll of blinking.
Okay, then.
Unknown command.
Okay, then.
You open the door.
There is an open door here.
You open the door.
Found a stone staircase leading down.
There is an open door here.
v - 2 pink potions (gained 1)
You now have 111 gold pieces (gained 10).
There is an open door here.
A jelly comes into view.
The jelly quivers.
You hit the jelly but do no damage.
Your hands burn!
The jelly hits you. The acid corrodes you!
You are splashed with acid!
The jelly closely misses you.
You hit the jelly. The acid corrodes you!
Your hands burn!
The jelly is lightly wounded.
The jelly hits you. The acid corrodes you!
You are splashed with acid.
The jelly hits you. The acid corrodes you!
You are splashed with acid!
You hit the jelly but do no damage.
Your hands burn!
The jelly is lightly wounded.
The jelly hits you. The acid corrodes you!
You are splashed with acid!
The jelly hits you.
* * * LOW HITPOINT WARNING * * *
The acid corrodes you!
You are splashed with acid!
* * * LOW HITPOINT WARNING * * *
It was a potion of might.
You feel very mighty all of a sudden. The jelly closely misses you.
You hit the jelly but do no damage.
Your hands burn!
* * * LOW HITPOINT WARNING * * *
You punch the jelly, but do no damage.
The jelly is lightly wounded.
The jelly hits you.
* * * LOW HITPOINT WARNING * * *
You are splashed with acid.
You die...

#...............#.#.#.#....
...........#.#......
......####.#.#....## ......
##..#.#...## ###.##
#..##.##..# #.# #.###.###.#
#.# #.....†...# ##########
#J# ########### .........#
#h# ########.#######.#
#.........# #.#######.# #.#
#.# ### ###


You could see a jelly.

Vanquished Creatures
  A black bear (D:4)
  Blork the orc (D:4)
  A scorpion (D:4)
  A hound (D:4)
  2 iguanas (D:4)
  8 adders
  4 worms
  2 dart slugs (D:2)
  An orc (D:3)
  3 bats
  3 endoplasms
  2 giant cockroaches
  5 goblins
  6 hobgoblins
  4 jackals (D:3)
  3 quokkas
  3 ball pythons
  2 frilled lizards
  5 kobolds
  2 rats (D:3)
59 creatures vanquished.

Notes
Turn   | Place    | Note
-------+----------+-------------------------------------------
     0 | D:1      | Shayle the Ogre Shapeshifter began the quest for the Orb.
     0 | D:1      | Reached XP level 1. HP: 19/19 MP: 1/1
   144 | D:1      | Reached XP level 2. HP: 23/28 MP: 2/2
   469 | D:2      | Reached skill level 2 in Fighting
   639 | D:2      | Found a runed translucent door.
   640 | D:2      | Noticed Crazy Yiuf
   678 | D:2      | Reached XP level 3. HP: 35/35 MP: 3/3
  1311 | D:3      | Found Gozxaigym's Assorted Antiques.
  1421 | D:3      | Bought a scroll labelled RUNAMN YTEUM for 24 gold pieces
  1421 | D:3      | Bought a scroll labelled BILESUO YGAMYS for 24 gold pieces
  1421 | D:3      | Bought a scroll labelled BILESUO YGAMYS for 24 gold pieces
  1421 | D:3      | Bought a blue potion for 21 gold pieces
  1508 | D:3      | Reached skill level 1 in Spellcasting
  1508 | D:3      | Reached XP level 4. HP: 44/44 MP: 5/5
  1636 | D:3      | Reached skill level 3 in Fighting
  2346 | D:4      | Reached XP level 5. HP: 35/53 MP: 7/7
  2595 | D:4      | Identified the +3 hand axe "Iskajiost" {heavy, Fragile rN+
                  | Int+3}
  2706 | D:4      | Reached skill level 4 in Fighting
  2845 | D:4      | Reached XP level 6. HP: 62/62 MP: 10/10
  2939 | D:4      | Noticed a black bear
  2945 | D:4      | Killed a black bear
  3152 | D:4      | Noticed Blork the orc
  3172 | D:4      | Killed Blork the orc
  3173 | D:4      | Reached skill level 5 in Fighting
  3455 | D:4      | HP: 3/66 [jelly (3)]
  3455 | D:4      | Splashed by a jelly's acid

Illustrated notes

Levels and vault maps discovered:
D:1:      dpeg_arrival_pits, layout_rooms, serial_bayou_crossing
D:2:      layout_basic, uniq_crazy_yiuf_cottage
D:3:      layout_loops_ring, serial_shops, nicolae_shop_window_shopping
D:4:      layout_basic, minmay_manual_monstrance, uniq_blork_the_orc

Skill      XL: |  1  2  3  4  5  6 |
---------------+-------------------+-----
Dodging        | 2 |  2.2
Fighting       | 2 3 4 5 |  5.2
Unarmed Combat | 3 4 |  4.4
Spellcasting   | 1 2 3 |  3.6
Shapeshifting  | |  3.2

Action                     |  1- 3 |  4- 6 || total
---------------------------+-------+-------++-------
  Melee: Unarmed           |    70 |    78 ||   148
         Punch             |     3 |     3 ||     6
         Hand axe          |       |    55 ||    55
    Use: Scroll            |       |    12 ||    12
         Potion            |       |     2 ||     2
   Stab: Sleeping          |     1 |       ||     1
 Armour: Animal skin       |    21 |    33 ||    54
         Skin              |       |     3 ||     3
  Dodge: Dodged            |    37 |    90 ||   127

Table legend: (Time is in decaauts)
 A = Elapsed time spent in this place.
 B = Non-inter-level travel time spent in this place.
 C = Inter-level travel time spent in this place.
 D = Time resting spent in this place.
 E = Time spent auto-exploring this place.
 F = Levels seen in this place.
 G = Mean time per level.
                   A        B        C        D        E       F      G
               +--------+--------+--------+--------+--------+-----+--------+
         Total |   3496 |   3409 |     87 |    320 |   2445 |   4 |  874.0 |
       Dungeon |   3496 |   3409 |     87 |    320 |   2445 |   4 |  874.0 |
               +--------+--------+--------+--------+--------+-----+--------+

Top non-repeatable levels by time:
     D:4: 1186 daAuts
     D:3: 1009 daAuts
     D:2: 909 daAuts
     D:1: 392 daAuts
